 Dungeon Crawl Stone Soup version 0.26.0-45-g9c1d065592 (webtiles) character file.

Game seed: 16420950233167678693

398 kaeus the Chopper (level 6, 0/56 HPs)
             Began as a Hill Orc Monk on Jan 27, 2021.
             Was a Believer of Beogh.
             Slain by Pikel
             ... wielding a +1 whip of freezing
              (7 damage)
             ... on level 4 of the Dungeon.
             The game lasted 00:03:57 (3217 turns).

kaeus the Chopper (Hill Orc Monk)                   Turns: 3217, Time: 00:03:57

Health: 0/56       AC: 18    Str: 19    XL:     6   Next: 83%
Magic:  0/6        EV:  6    Int:  8    God:    Beogh [**....]
Gold:   217        SH: 11    Dex: 13    Spells: 5/5 levels left

rFire    . . .     SeeInvis .   a - +1 hand axe
rCold    . . .     Faith    .   o - +3 kite shield
rNeg     . . .     Spirit   +   k - +0 chain mail
rPois    .         Reflect  .   (no helmet)
rElec    .         Harm     .   q - +0 cloak
rCorr    .         Rampage  .   r - +2 pair of gloves {Str+3}
Will     +....                  (no boots)
Stlth    ..........             s - amulet of guardian spirit
HPRegen  0.18/turn              j - +4 ring of protection
MPRegen  0.10/turn              (no ring)

@: flying, hasted, very quick
A: hooves 1, camouflage 1, dopey 1, strong-willed 1
a: Renounce Religion, Smiting


You were on level 4 of the Dungeon.
You worshipped Beogh.
Beogh was pleased with you.
You visited 1 branch of the dungeon, and saw 4 of its levels.

You collected 217 gold pieces.

Inventory:

Hand Weapons
 a - a +1 hand axe (weapon)
Armour
 k - a +0 chain mail (worn)
 o - a +3 kite shield (worn)
 q - a +0 cloak (worn)
 r - a +2 pair of gloves of strength (worn)
Jewellery
 j - a +4 ring of protection (left hand)
 s - an amulet of guardian spirit (around neck)
Wands
 m - a wand of flame (22)
 p - a wand of random effects (16)
Scrolls
 c - 6 scrolls of remove curse
 h - 2 scrolls of teleportation
 i - 3 scrolls of identify
Potions
 d - a potion of attraction {unknown}
 n - a potion of lignification {unknown}


   Skills:
 + Level 5.0 Fighting
 + Level 5.5 Axes
 * Level 4.4 Armour
 + Level 3.4 Dodging
 - Level 1.5 Stealth
 + Level 1.0 Shields


You had 5 spell levels left.
You didn't know any spells.
Your spell library was empty.

Dungeon Overview and Level Annotations

Branches:
Dungeon (4/15)
 Temple: D:4-7

Altars:

Annotations:
D:4 Pikel


Innate Abilities, Weirdness & Mutations

You have large cloven feet.
Your skin changes colour to match your surroundings (Stealth+).
You are dopey. (Int -2)
You are strong-willed. (Will+)


Message History

You block the lemure's attack. x2
You take 1 damage, and have 8/56 hp.
It was a potion of flight.
You feel very buoyant.
You fly up into the air.
You block the lemure's attack.
An orc comes into view. It is wielding a +0 hand axe.
Pikel hits you but does no damage.
The worker ant bites you but does no damage.
It was a potion of mutation.
You feel extremely strange.
You feel stupid.
Your skin functions as natural camouflage.
Your feet thicken and deform.
You feel strong-willed. You block the orc wizard's attack.
The lemure hits you but does no damage. The lemure hits you.
* * * LOW HITPOINT WARNING * * *
The lemure hits you but does no damage.
You take 6 damage, and have 2/56 hp.
You feel better. You block the worker ant's attack.
Pikel hits you with a +1 whip of freezing!
You die...

######## .......#
.......# ###########.
.......# #...........
.......######...........
...........##...o.......
........##.##..o55W)..o.
.........#......@K5.o...
########....#^..5Bo.....
####...##.#o####.
##..###...#
##########....##....
..#........##.........
.........### .........
..†.......# ..........
.<........... .....


You could see Pikel, a phantom, 4 lemures, a worker ant, 2 orc priests, an orc
wizard and 3 orcs.

Vanquished Creatures
  Sigmund (D:2)
  Crazy Yiuf (D:2)
  Natasha (thrice) (D:2)
  A bullfrog skeleton (D:4)
  4 adders
  A gnoll (D:1)
  3 worms
  A dart slug (D:2)
  A leopard gecko (D:2)
  A bat (D:2)
  A giant cockroach (D:2)
  10 hobgoblins
  6 jackals
  A quokka (D:3)
  4 frilled lizards
  6 goblins
  7 kobolds
  9 rats
61 creatures vanquished.

Vanquished Creatures (others)
  An orc priest (D:4)
1 creature vanquished.

Grand Total: 62 creatures vanquished

Notes
Turn   | Place    | Note
-------+----------+-------------------------------------------
     0 | D:1      | kaeus the Hill Orc Monk began the quest for the Orb.
     0 | D:1      | Reached XP level 1. HP: 19/19 MP: 1/1
   316 | D:1      | Reached skill level 1 in Armour
   316 | D:1      | Reached XP level 2. HP: 22/27 MP: 2/2
   541 | D:1      | Reached XP level 3. HP: 17/33 MP: 3/3
  1342 | D:2      | Noticed Sigmund
  1368 | D:2      | Killed Sigmund
  1369 | D:2      | Reached skill level 5 in Axes
  1369 | D:2      | Reached XP level 4. HP: 22/41 MP: 4/4
  1369 | D:2      | Reached XP level 5. HP: 25/47 MP: 5/5
  1730 | D:2      | Found a runed translucent door.
  1731 | D:2      | Noticed Crazy Yiuf
  2005 | D:2      | Reached XP level 6. HP: 51/53 MP: 6/6
  2048 | D:2      | Noticed Natasha
  2061 | D:2      | Killed Natasha
  2182 | D:2      | Noticed Natasha
  2195 | D:2      | Killed Natasha
  2251 | D:2      | Noticed Natasha
  2259 | D:2      | Killed Natasha
  2342 | D:2      | Killed Crazy Yiuf
  2436 | D:3      | Reached skill level 5 in Fighting
  3196 | D:4      | Noticed Pikel
  3202 | D:4      | Became a worshipper of Beogh the Brigand
  3202 | D:4      | Reached * piety under Beogh
  3202 | D:4      | Reached ** piety under Beogh
  3205 | D:4      | Noticed a phantom
  3209 | D:4      | Reached skill level 1 in Shields
  3216 | D:4      | Gained mutation: You are dopey. (Int -2) [potion of
                  | mutation]
  3216 | D:4      | Gained mutation: Your skin changes colour to match your
                  | surroundings (Stealth+). [potion of mutation]
  3216 | D:4      | Gained mutation: You have large cloven feet. [potion of
                  | mutation]
  3216 | D:4      | Gained mutation: You are strong-willed. (Will+) [potion of
                  | mutation]
  3216 | D:4      | HP: 2/56 [lemure[Pikel] (6)]
  3217 | D:4      | Slain by Pikel

Illustrated notes

Levels and vault maps discovered:
D:1:      dpeg_arrival_morbid_curiosity, layout_loops_ring
D:2:      layout_basic, uniq_sigmund, uniq_crazy_yiuf_cottage, uniq_natasha
D:3:      layout_loops_ring
D:4:      minmay_chambers_of_threes, layout_rooms, lightli_sewer_entry_pipes,
          uniq_eustachio, uniq_pikel

Skill      XL: |  1  2  3  4  5  6 |
---------------+-------------------+-----
Armour         | 1 3 4 |  4.4
Fighting       | 4 5 |  5.0
Axes           | 5 |  5.5
Dodging        | 3 |  3.4
Shields        | 1 |  1.0
Stealth        | |  1.5

Action                   |  1- 3 |  4- 6 || total
-------------------------+-------+-------++-------
Melee: Hand axe          |    86 |   161 ||   247
Invok: Convert to Beogh  |       |     1 ||     1
  Use: Scroll            |       |     9 ||     9
       Potion            |       |     6 ||     6
 Stab: Sleeping          |     5 |       ||     5
Armor: Robe              |     7 |       ||     7
       Chain mail        |     7 |   135 ||   142
Dodge: Dodged            |    45 |    73 ||   118
Block: Kite shield       |       |    80 ||    80
